 Dungeon Crawl Stone Soup version 0.26-a0-753-g4680b4fa2e (webtiles) character file.

Game seed: 10289511318064346708

142 Forecaster the Cutter (level 5, 0/49 HPs)
             Began as a Naga Fighter on Nov 7, 2020.
             Slain by an orc priest
             ... wielding a cursed -1 club
              (1 damage)
             ... on level 3 of the Dungeon.
             The game lasted 00:06:10 (2151 turns).

Forecaster the Cutter (Naga Fighter)                Turns: 2151, Time: 00:06:10

Health: 0/49       AC:  5    Str: 25    XL:     5   Next: 24%
Magic:  5/5        EV:  6    Int:  8    God:
Gold:   175        SH:  9    Dex: 11    Spells: 4/4 levels left

rFire    . . .     SeeInvis +   a - +0 rapier
rCold    . . .     Faith    +   c - +0 kite shield
rNeg     . . .     Spirit   .   b - +0 scale mail
rPois    +         Reflect  .   (no helmet)
rElec    .         Harm     .   (no cloak)
rCorr    .         Rampage  .   (no gloves)
MR       .....                  (no barding)
Stlth    ..........             e - amulet of faith
HPRegen  0.16/turn              p - +6 ring of strength
MPRegen  0.09/turn              (no ring)

@: very slow
A: large, see invisible, deformed body, poison resistance, slowness 2, spit
poison 1, AC +1
a: Spit Poison


You were on level 3 of the Dungeon.
You visited 1 branch of the dungeon, and saw 3 of its levels.

You collected 175 gold pieces.

Inventory:

Hand Weapons
 a - a +0 rapier (weapon)
Armour
 b - a +0 scale mail (worn)
 c - a +0 kite shield (worn)
Jewellery
 e - an amulet of faith (around neck)
 p - a +6 ring of strength (left hand)
Scrolls
 f - 2 scrolls of identify {unknown}
 i - a scroll of random uselessness {unknown}
 k - a scroll of enchant armour {unknown}
 m - a scroll of fog {unknown}
 n - a scroll of amnesia {unknown}
Potions
 d - a potion of might
 g - 2 potions of ambrosia {unknown}
 h - a potion of attraction {unknown}
 j - 2 potions of cancellation
 l - 3 potions of brilliance {unknown}
 o - a potion of degeneration {unknown}


   Skills:
 + Level 3.5 Fighting
 + Level 3.9 Short Blades
 + Level 2.8 Armour
 + Level 0.2 Dodging
 + Level 3.0 Shields


You had 4 spell levels left.
You didn't know any spells.
Your spell library was empty.

Dungeon Overview and Level Annotations

Branches:
Dungeon (3/15)

Altars:
Okawaru


Innate Abilities, Weirdness & Mutations

You cannot wear boots.
Your serpentine skin is tough. (AC +1)
You have supernaturally acute eyesight. (SInv)
Armour fits poorly on your strangely shaped body.
Your system is resistant to poisons. (rPois)
You cover ground very slowly.
You can spit poison.


Message History

The orc hits you with a +0 hand axe.
* * * LOW HITPOINT WARNING * * *
You block the orc priest's attack.
You barely miss the orc priest.
The orc priest is moderately wounded.
You block the orc's attack.
The orc priest hits you with a cursed -1 club.
* * * LOW HITPOINT WARNING * * *
You closely miss the orc priest.
The orc priest is moderately wounded.
The orc barely misses you.
The orc priest hits you with a cursed -1 club.
* * * LOW HITPOINT WARNING * * *
You hit the orc but do no damage. The orc hits you with a +0 hand axe.
* * * LOW HITPOINT WARNING * * *
You block the orc priest's attack.
It was a potion of cancellation.
You feel magically purged. The orc barely misses you.
The orc priest hits you with a cursed -1 club.
You die...

.### ...#
....# ######
....#
...$.......#
#.#..#.....#
#.#.........
#.#o@# .##
#.##o# o...
###.#.†# ...o.
#...(..#...g..
#.#.##....._..
#<#..#o.....
#.#..#......
#.#..# .....
.....# ##.##


You could see an orc priest and an orc.

Vanquished Creatures
  A worker ant (D:2)
  4 adders (D:2)
  2 oozes
  4 dart slugs
  4 leopard geckos (D:2)
  An orc (D:3)
  10 bats
  6 giant cockroaches
  6 hobgoblins
  4 jackals (D:2)
  6 kobolds
  3 frilled lizards
  4 goblins
  8 rats
63 creatures vanquished.

Notes
Turn   | Place    | Note
-------+----------+-------------------------------------------
     0 | D:1      | Forecaster the Naga Fighter began the quest for the Orb.
     0 | D:1      | Reached XP level 1. HP: 21/21 MP: 1/1
   212 | D:1      | Reached XP level 2. HP: 23/28 MP: 2/2
   447 | D:1      | Reached XP level 3. HP: 34/34 MP: 3/3
  1064 | D:2      | Found an iron altar of Okawaru.
  1111 | D:2      | Reached XP level 4. HP: 42/42 MP: 4/4
  1789 | D:2      | Reached XP level 5. HP: 49/49 MP: 5/5
  2121 | D:3      | Found an iron altar of Okawaru.
  2150 | D:3      | HP: 1/49 [orc/+0 hand axe (4)]
  2151 | D:3      | Slain by an orc priest

Illustrated notes

Levels and vault maps discovered:
D:1:      arrival_zaba_pyramid, layout_basic
D:2:      layout_loops_corners, okawaru_gym_becter
D:3:      cheibrodos_helix_gallery, layout_loops_ring,
          grunt_temple_overflow_holy_war, old_standard_altar

Skill      XL: |  1  2  3  4 |
---------------+-------------+-----
Shields        | 3 |  3.0
Short Blades   | 3 |  3.9
Fighting       | |  3.5
Armour         | |  2.8
Dodging        | |  0.2

Action                   |  1- 3 |  4- 6 || total
-------------------------+-------+-------++-------
Melee: Rapier            |   105 |    99 ||   204
  Use: Potion            |       |     1 ||     1
Armor: Scale mail        |    46 |    35 ||    81
Dodge: Dodged            |    22 |    26 ||    48
Block: Kite shield       |    62 |    42 ||   104

Table legend: (Time is in decaauts)
 A = Elapsed time spent in this place.
 B = Non-inter-level travel time spent in this place.
 C = Inter-level travel time spent in this place.
 D = Time resting spent in this place.
 E = Time spent auto-exploring this place.
 F = Levels seen in this place.
 G = Mean time per level.
                   A        B        C        D        E       F      G
               +--------+--------+--------+--------+--------+-----+--------+
         Total |   2721 |   2688 |     33 |      0 |   2139 |   3 |  907.0 |
       Dungeon |   2721 |   2688 |     33 |      0 |   2139 |   3 |  907.0 |
               +--------+--------+--------+--------+--------+-----+--------+

Top non-repeatable levels by time:
     D:2: 1521 daAuts
     D:1: 1163 daAuts
     D:3: 36 daAuts
